AoeStats
← Codiman

Coastal Forest

510450372Analyzed
4v4 RM · 9h ago on Oct 1, 2026· 56m 40s· 8 players
Game mode
Random Map
Map size
Large (8 player)
Population
200
Speed
Normal
Resources
Standard
Victory
Conquest
Starting age
Dark Age
Ending age
Imperial Age
RankedLock teamsTeams togetherTeam positionsShared explorationLock speedFull tech treeHidden civsTurbo modeCheats
Victory
Defeat
🇺🇸 Jurchens · United States
1367
+16
🇵🇦 Saxons · Panama
1347
+17
🇺🇸 Ethiopians · United States
1323
+18
🇨🇱 Danes · Chile
1410
-18
🇨🇴 Persians · Colombia
1400
-18
🇧🇴 Khitans · Bolivia
1375
-17
🇺🇸 Britons · United States
1299
-14
ForseenCow
8:11 Loom
10:27 Feudal Age
11:18 Double-Bit Axe
17:43 Castle Age
16:51 Fletching
18:06 Crossbowman
19:57 Bow Saw
23:30 Bodkin Arrow
26:43 Medium Warships
28:40 Wheelbarrow
31:49 Thumb Ring
33:25 Ballistics
37:45 Imperial Age
37:05 Squires
38:33 Bracer
38:48 Arbalester
42:09 Padded Archer Armor
44:45 Hand Cart
44:15 Town Watch
45:06 Horse Collar
48:29 Arson
49:03 Leather Archer Armor
51:37 Conscription
52:21 Gold Mining
56:51 Chemistry
57:02 Ring Archer Armor
Xerg
7:29 Loom
9:35 Feudal Age
10:09 Double-Bit Axe
14:08 Fletching
17:20 Padded Archer Armor
21:52 Wheelbarrow
25:46 Castle Age
25:58 Crossbowman
26:35 Bodkin Arrow
29:11 Leather Archer Armor
34:49 Horse Collar
36:35 Ballistics
42:13 Thumb Ring
48:15 Imperial Age
46:59 Gold Mining
46:59 Stone Mining
49:02 Gold Shaft Mining
48:25 Town Watch
48:56 Hand Cart
49:00 Bracer
49:30 Ring Archer Armor
50:17 Chemistry
49:37 Arbalester
52:38 Coinage
52:09 Caravan
53:26 Murder Holes
54:18 Conscription
johnnyboy
8:15 Loom
10:17 Feudal Age
14:32 Bloodlines
14:36 Double-Bit Axe
17:13 Scale Barding Armor
17:53 Forging
23:34 Horse Collar
30:38 Castle Age
30:43 Light Cavalry
33:29 Chain Barding Armor
35:28 Husbandry
40:24 Town Watch
44:37 Iron Casting
44:53 Heavy Plow
47:12 Wheelbarrow
48:35 Hand Cart
52:08 Imperial Age
50:16 Bow Saw
52:02 Padded Archer Armor
51:52 Fletching
54:04 Chemistry
53:25 Ballistics
53:11 Siege Engineers
53:27 Leather Archer Armor
52:57 Elite Skirmisher
53:48 Bodkin Arrow
54:29 Siege Engineers
54:47 Ballistics
55:21 Bracer
55:55 Ring Archer Armor
55:31 Bracer
56:53 Conscription
臣等正欲死战,陛下何故先降耶?
10:46 Feudal Age
15:53 Castle Age
15:05 Horse Collar
15:37 Double-Bit Axe
19:08 Loom
20:34 Bow Saw
20:15 Gold Mining
28:48 Two-Man Saw
28:59 Cavalier
29:49 Heavy Plow
29:58 Scale Barding Armor
30:04 Forging
33:46 Imperial Age
32:00 Husbandry
32:52 Chain Barding Armor
33:08 Iron Casting
33:12 Burgundian Vineyards
34:11 Paladin
37:45 Gold Shaft Mining
37:01 Stone Mining
44:21 Crop Rotation
44:15 Conscription
49:02 Light Cavalry
51:02 Blast Furnace
50:37 Plate Barding Armor
51:45 Hussar
Beller
6:53 Loom
9:13 Feudal Age
10:14 Double-Bit Axe
15:05 Fletching
23:52 Castle Age
22:52 Gold Mining
23:38 Padded Archer Armor
23:58 Crossbowman
25:14 Bodkin Arrow
29:08 Bow Saw
31:40 Ballistics
33:31 Wheelbarrow
44:55 Imperial Age
45:00 Arbalester
46:27 Bracer
47:19 Arbalester
52:08 Chemistry
Dadagama
7:28 Loom
9:50 Feudal Age
10:31 Double-Bit Axe
18:31 Forging
18:26 Scale Barding Armor
20:38 Wheelbarrow
21:29 Bloodlines
23:03 Horse Collar
27:39 Castle Age
28:19 Husbandry
28:40 Chain Barding Armor
28:55 Iron Casting
29:17 Gold Mining
37:10 Bow Saw
40:57 Hand Cart
44:00 Imperial Age
43:49 Cavalier
45:11 Plate Barding Armor
52:17 Pikeman
52:57 Squires
53:04 Scale Mail Armor
53:04 Gambesons
53:46 Halberdier
Rayita
8:19 Loom
10:36 Feudal Age
14:23 Double-Bit Axe
19:06 Fletching
20:51 Horse Collar
23:28 Castle Age
25:03 Wheelbarrow
24:50 Bow Saw
24:42 Heavy Plow
25:06 Medium Warships
25:28 Bodkin Arrow
30:56 Imperial Age
30:23 Masonry
30:34 Ballistics
30:28 Forging
30:18 Scale Mail Armor
30:06 Gambesons
30:21 Squires
30:06 Arson
32:20 Iron Casting
39:31 Gold Mining
40:29 Chain Mail Armor
42:01 Elite Varangian Guard
43:25 Plate Mail Armor
45:25 Blast Furnace
44:38 Fishing Lines
51:32 Town Watch
52:06 Hand Cart
53:18 Hamask
Codiman
3:26 Loom
10:09 Feudal Age
13:57 Forging
18:03 Domestication
24:26 Wheelbarrow
23:59 Scale Barding Armor
23:52 Double-Bit Axe
32:12 Castle Age
30:08 Gold Mining
32:17 Light Cavalry
32:58 Husbandry
33:20 Chain Barding Armor
33:43 Hand Cart
35:11 Iron Casting
41:26 Town Watch
55:18 Imperial Age
55:43 Hussar
56:07 Heavy Camel Rider
Connection lost

Rejoining the realm…

Still unreachable

The connection could not be restored.

Session expired

The server has moved on; the page needs a fresh start.